 Dungeon Crawl Stone Soup version 0.24.0-125-gc4c63601f3 (webtiles) character file.

Game seed: 10897861655994123510, levelgen mode: deterministic

1147 Acheron the Covert (level 8, -13/52 HPs)
             Began as an Octopode Assassin on Mar 7, 2020.
             Mangled by an ice beast (14 damage)
             ... on level 7 of the Dungeon.
             The game lasted 00:28:55 (4347 turns).

Acheron the Covert (Octopode Assassin)              Turns: 4347, Time: 00:28:56

Health: -13/52     AC:  1    Str: 10    XL:     8   Next: 38%
Magic:  10/10      EV: 14    Int: 14    God:
Gold:   170        SH:  0    Dex: 15    Spells: 10/10 levels left

rFire    + . .     SeeInvis .   a - +2 dagger
rCold    . . .     Gourm    +   (no shield)
rNeg     . . .     Faith    .   (helmet restricted)
rPois    .         Spirit   .   g - amulet of the gourmand
rElec    .         Reflect  .   k - ring of protection from fire (curse)
rCorr    .         Harm     .   (no ring)
MR       .....                  (no ring)
Stlth    +++++.....             (no ring)
HPRegen  0.17/turn              (no ring)
MPRegen  0.12/turn              (no ring)
                                (no ring)
                                (no ring)

@: no status effects
A: almost no armour, stealthy swim, amphibious, 8 rings, constrict 8, camouflage
1, gelatinous body 1
a: no special abilities


You were on level 7 of the Dungeon.
You were very full.

You visited 1 branch of the dungeon, and saw 8 of its levels.

You collected 170 gold pieces.

Inventory:

Hand Weapons
 a - a +2 dagger (weapon)
 h - a +0 hunting sling
 o - a +0 rapier
 q - a +1 falchion
 r - a +0 great sword
 v - a +0 shortbow
Missiles
 b - 8 poisoned darts (quivered)
 c - 7 curare-tipped darts
 e - 146 stones
 j - a throwing net
 l - 6 silver javelins
 u - 11 sling bullets
 y - 19 arrows
Magical Staves
 w - an uncursed staff of conjuration {unknown}
Jewellery
 g - an amulet of the gourmand (around mantle)
 k - a cursed ring of protection from fire (left tentacle)
Wands
 t - a wand of paralysis (8)
Scrolls
 f - a scroll of enchant armour
 i - 6 scrolls of teleportation
 m - 2 scrolls of remove curse
 n - a scroll of fog
Potions
 p - a potion of berserk rage
 s - a potion of curing
 z - 2 potions of lignification
 B - a potion of might
Comestibles
 d - 5 rations
 x - 13 chunks of flesh


   Skills:
 * Level 3.5 Fighting
 * Level 5.1 Short Blades
 * Level 3.6 Throwing
 * Level 3.0 Dodging
 * Level 9.7 Stealth
 * Level 1.8 Spellcasting
 * Level 1.2 Evocations


You had 10 spell levels left.
You didn't know any spells.
Your spell library was empty.

Dungeon Overview and Level Annotations

Branches:
Dungeon (9/15)
 Temple: D:4-7         Lair: D:8-11         Orc: D:9-12

Altars:
Ashenzari
Cheibriados
Wu Jian
Xom
Zin

Annotations:
D:9 exclusion: upstairs, Erica


Innate Abilities, Weirdness & Mutations

You cannot wear most types of armour.
You are very stealthy in the water. (Stealth+)
You are amphibious.
You can wear up to eight rings at the same time.
You can use your tentacles to constrict eight enemies at once.
Your skin changes colour to match your surroundings (Stealth+).
Your rubbery body absorbs attacks. (AC +1, EV +1)


Message History

You barely miss the ice beast.
The ice beast is heavily wounded.
The ice beast closely misses you.
You hit the ice beast. Your squeeze misses the ice beast.
The ice beast is severely wounded.
The ice beast closely misses you.
You barely miss the ice beast.
The ice beast is severely wounded.
You barely miss the ice beast.
The ice beast is severely wounded.
The ice beast hits you.
* * * LOW HITPOINT WARNING * * *
The ice beast freezes you.
* * * LOW HITPOINT WARNING * * *
You barely miss the ice beast. You squeeze the ice beast.
The ice beast is almost dead.
The ice beast hits you.
* * * LOW HITPOINT WARNING * * *
The ice beast freezes you!
You die...

#.# #..##.. #.#
#...... #.# #...
##.##.# #.# #.#
#..# #.##.# #.#
#># #..# #.##.#
#.# #.# #####..#
#.##.# #.# #.#
#......# #.....
#.# ######.# #.#
#..# ####.# #.#
#......# #@#
#..#########.# #.#
#.######
#Y###.............
##.# #.#
#.....##########.#
#..###.#####
###.### #.#
#..........# #.#
#.# #.####.###.#
#.# #.# #.# #.#
#.# #.#
##########.# #.#
##.# #.# #.#
#!........รท# #.#
#..###.# #.#
#.##########


You could see an ice beast.

Vanquished Creatures
  Eustachio (D:4)
  An ice beast (D:7)
  A phantom (D:9)
  A centaur (D:7)
  A bullfrog (D:9)
  4 scorpions
  A howler monkey (D:4)
  A crimson imp (D:5)
  2 hounds
  An orc wizard (D:4)
  A bullfrog skeleton (D:4)
  2 iguanas
  4 worker ants
  Robin (D:4)
  A worker ant zombie (D:9)
  2 howler monkey skeletons
  A gnoll (D:3)
  5 adders
  A dart slug (D:3)
  3 worms
  2 leopard geckos
  3 orcs
  2 ball pythons
  5 bats
  14 goblins
  3 hobgoblins
  5 kobolds
  3 quokkas
  A frilled lizard (D:3)
  A leopard gecko skeleton (D:5)
  A quokka skeleton (D:4)
  A rat (D:2)
76 creatures vanquished.

Notes
Turn   | Place    | Note
-------+----------+-------------------------------------------
     0 | D:1      | Acheron the Octopode Assassin began the quest for the Orb.
     0 | D:1      | Reached XP level 1. HP: 14/14 MP: 1/1
    65 | D:2      | Found an ornate altar of the Wu Jian Council.
   151 | D:3      | Reached XP level 2. HP: 19/19 MP: 2/2
   458 | D:3      | Reached skill level 6 in Stealth
   572 | D:3      | Reached XP level 3. HP: 22/24 MP: 3/3
  1196 | D:2      | Reached XP level 4. HP: 29/29 MP: 4/4
  2355 | D:4      | Noticed Robin
  2411 | D:5      | Entered Level 5 of the Dungeon
  2412 | D:5      | Reached skill level 7 in Stealth
  2412 | D:5      | Reached XP level 5. HP: 35/35 MP: 5/5
  2511 | D:5      | Reached XP level 6. HP: 41/41 MP: 6/6
  2585 | D:5      | Noticed a sky beast
  2785 | D:4      | Reached skill level 8 in Stealth
  3222 | D:4      | Killed Robin
  3239 | D:4      | Reached skill level 1 in Spellcasting
  3239 | D:4      | Reached XP level 7. HP: 18/46 MP: 8/8
  3634 | D:4      | Noticed Eustachio
  3638 | D:4      | Killed Eustachio
  3790 | D:5      | You fall into a shaft and drop 3 floors!
  3790 | D:8      | Found a shimmering altar of Xom.
  3790 | D:8      | Found a glowing silver altar of Zin.
  3791 | D:8      | Noticed an angel
  3882 | D:9      | Reached skill level 9 in Stealth
  3909 | D:9      | Noticed Erica
  3932 | D:9      | Reached XP level 8. HP: 52/52 MP: 10/10
  4031 | D:7      | Found a snail-covered altar of Cheibriados.
  4157 | D:7      | Reached skill level 5 in Short Blades
  4157 | D:7      | Reached skill level 1 in Evocations
  4290 | D:7      | Found a shattered altar of Ashenzari.
  4293 | D:7      | Noticed a hippogriff
  4346 | D:7      | HP: 2/52 [ice beast (6)]
  4347 | D:7      | Mangled by an ice beast

Levels and vault maps discovered:
D:1:      dpeg_arrival_short_road, layout_basic, grunt_decor_cap
D:2:      layout_basic, lemuel_doored_altar, chequers_serial_rivers_micro_b,
          trog_hazing_becter
D:3:      layout_basic, first_ration
D:4:      layout_loops_ring, uniq_robin, uniq_eustachio
D:5:      layout_loops_ring, kennysheep_little_box, kennysheep_ying_yang,
          serial_shops, shop
D:7:      layout_loops_ring, lemuel_crystal_altar,
          ashenzari_conservatory_becter, enter_bailey_3
D:8:      layout_basic, grunt_temple_overflow_order_and_chaos_1
D:9:      layout_small_grid, erik_lair_dragon, uniq_erolcha, uniq_erica,
          uniq_pikel

Skill      XL: |  1  2  3  4  5  6  7  8 |
---------------+-------------------------+-----
Stealth        | 6 7 8 9 |  9.7
Short Blades   | 3 4 5 |  5.1
Dodging        | 2 3 |  3.0
Throwing       | 3 |  3.6
Fighting       | 3 |  3.5
Spellcasting   | 1 |  1.8
Evocations     | 1 |  1.2

Action                   |  1- 3 |  4- 6 |  7- 9 || total
-------------------------+-------+-------+-------++-------
Melee: Dagger            |    54 |    94 |    42 ||   190
       Constrict         |    12 |    27 |     2 ||    41
       Tentacles         |     2 |    23 |     7 ||    32
Throw: Dart              |       |     1 |       ||     1
  Use: Scroll            |     4 |     6 |     3 ||    13
       Potion            |       |     1 |       ||     1
 Stab: Sleeping          |     9 |    12 |    12 ||    33
       Distracted        |       |       |     1 ||     1
  Eat: Chunk             |     5 |    11 |     3 ||    19
Armor: Skin              |     2 |     4 |     1 ||     7
Dodge: Dodged            |    42 |    48 |    11 ||   101
